Map: Cyber Forest LE

Players

XOURCE - Winner!

  • Race: Zerg Zerg
  • League: Diamond
  • Spawn Location: 11:00

Obsidian

  • Race: Zerg Zerg
  • League: Diamond
  • Spawn Location: 5:00

VOD

Have the link to the VOD?

Description

Time

  • Played on: May 6, 2019, 7:33 a.m.
  • Length: 3:41
Show
View Real Time Build Order
Export as new Build Order

XOURCE Zerg - Winner!

Build Orders: 1 Base Baneling Bust, Pool Only 

Get SALT Encoding   

  12  0:00  Drone  
  13  0:15  Extractor  
  12  0:25  Spawning Pool  
  12  0:28  Drone  
  12  0:33  Drone  
  13  0:40  Drone  
  14  0:49  Overlord  
  14  1:11  Zergling x4  
  14  1:17  Zergling x2  
  17  1:19  Metabolic Boost  
  17  1:30  Zergling x2  
  18  1:33  Queen  
  18  1:39  Zergling x2  
  21  1:45  Baneling Nest  
  20  1:53  Zergling x2  
  21  2:07  Zergling x2  
  22  2:08  Overlord  
  22  2:30  Baneling x3  
  22  2:40  Zergling x6  
  24  3:02  Zergling x8  
  26  3:16  Zergling x2  
  26  3:18  Baneling x2  
Show
View Real Time Build Order
Export as new Build Order

Obsidian Zerg 

Build Orders: Hatch First 

Get SALT Encoding   

  12  0:01  Drone  
  13  0:13  Overlord  
  13  0:20  Drone  
  14  0:34  Drone x2  
  16  0:42  Drone  
  17  1:02  Hatchery, Extractor  
  17  1:03  Drone x2  
  17  1:16  Spawning Pool  
  16  1:23  Drone  
  16  1:24  Drone  
  18  1:29  Drone  
  19  1:43  Overlord  
  19  2:02  Metabolic Boost  
  19  2:03  Queen  
  19  2:04  Zergling x2  
  19  2:05  Zergling x2  
  23  2:14  Queen  
  25  2:16  Zergling x2  
  25  2:17  Zergling x2  
  27  2:29  Zergling x4  
  29  2:35  Baneling Nest  
  27  2:38  Zergling x2  
  27  2:39  Zergling x2  
  25  3:02  Zergling x4  
  17  3:28  Drone x2  
Tags
 
Add a new tag
Caveats
  • Supply blocks, unpowered buildings, or Contaminate may cause inaccurate times.
  • Supply counts are checked every 10 seconds.